Map: Rhoskallian LE

Players

Massa

  • Race: Terran Terran
  • League: Platinum
  • Spawn Location: 12:00

qqq

  • Race: Zerg Zerg
  • League: Platinum
  • Spawn Location: 11:00

MmM - Winner!

  • Race: Terran Terran
  • League: Platinum
  • Spawn Location: 6:00

ChatSøeur - Winner!

  • Race: Zerg Zerg
  • League: Gold
  • Spawn Location: 5:00

VOD

Have the link to the VOD?

Description

Time

  • Played on: Sept. 26, 2020, 9:11 a.m.
  • Length: 15:16
Show
View Real Time Build Order
Export as new Build Order

Massa Terran 

Build Orders: Gas First Reaper Expand 

Get SALT Encoding   

  12  0:00  SCV  
  13  0:12  SCV  
  14  0:23  Supply Depot  
  14  0:25  SCV  
  15  0:31  Refinery  
  15  0:45  SCV  
  15  0:46  Barracks  
  16  0:57  SCV  
  17  1:09  SCV  
  18  1:21  SCV  
  19  1:34  Orbital Command  
  19  1:35  Reaper  
  20  1:48  Command Center  
  20  2:00  SCV  
  21  2:06  Marine  
  22  2:26  Supply Depot  
  22  2:27  SCV, Supply Depot  
  23  2:31  Barracks Reactor  
  23  2:45  Factory  
  23  2:47  Engineering Bay  
  23  2:48  SCV  
  24  3:00  SCV, Orbital Command  
  25  3:06  Marine  
  25  3:07  Marine  
  25  3:12  SCV  
  28  3:24  SCV  
  30  3:34  SCV  
  30  3:36  SCV  
  30  3:37  Barracks Tech Lab  
  30  3:39  Hellion x2  
  35  3:46  SCV, Supply Depot  
  36  3:48  SCV  
  37  3:58  SCV  
  37  4:00  SCV, Hellion  
  41  4:04  Missile Turret  
  41  4:07  Refinery  
  41  4:10  SCV, Missile Turret  
  41  4:13  SCV  
  43  4:20  Hellion  
  43  4:22  SCV, Marine  
  47  4:25  Missile Turret  
  47  4:27  Widow Mine  
  49  4:34  Starport  
  49  4:43  Stimpack  
  49  4:49  Armory, Terran Infantry Weapons Level 1  
  49  4:57  Widow Mine  
  51  5:02  Refinery  
  51  5:03  SCV x2  
  51  5:04  Refinery  
  53  5:14  Medivac  
  53  5:15  SCV x2  
  53  5:19  Widow Mine  
  59  5:27  SCV  
  54  5:54  Widow Mine x2  
  54  5:56  Marauder  
  60  6:02  Barracks  
  60  6:04  Barracks  
  60  6:09  Medivac  
  62  6:15  Engineering Bay  
  62  6:17  Command Center  
  62  6:21  Missile Turret  
  62  6:26  Supply Depot  
  62  6:27  Supply Depot  
  62  6:31  Supply Depot  
  62  6:33  Combat Shield  
  62  6:42  Missile Turret  
  62  6:43  Terran Infantry Armor Level 1  
  62  6:47  Widow Mine x2, Marauder  
  68  7:05  Barracks Reactor x2  
  68  7:06  Missile Turret  
  68  7:09  Marauder  
  68  7:11  SCV x2  
  72  7:23  SCV x2  
  72  7:24  Terran Infantry Weapons Level 2  
  72  7:26  Terran Vehicle Weapons Level 1  
  72  7:30  Starport Tech Lab, Marauder, Factory  
  72  7:35  SCV x2  
  70  7:42  Marine  
  70  7:43  Marine  
  68  7:47  Widow Mine x2, SCV  
  68  7:48  Marine  
  74  8:00  Marine x2  
  76  8:09  Widow Mine  
  78  8:18  Marine x2  
  80  8:29  Marauder, Marine x2  
  75  8:36  Marine x2  
  74  8:46  Marine  
  74  8:47  Marine  
  73  8:50  Marauder  
  73  8:54  Marine x2  
  74  8:56  Viking  
  74  8:58  Widow Mine  
  74  8:59  Widow Mine  
  74  9:01  Factory Tech Lab  
  77  9:04  Marine  
  77  9:06  Factory  
  77  9:07  Factory  
  71  9:11  Marauder  
  73  9:18  Missile Turret  
  73  9:19  Missile Turret  
  73  9:20  Widow Mine  
  75  9:26  Marine, Viking  
  75  9:27  Marine x3  
  81  9:32  Marine  
  82  9:39  Missile Turret  
  82  9:41  Concussive Shells, Missile Turret  
  82  9:49  Marine x2  
  82  9:51  Marauder  
  86  9:56  Factory Tech Lab x2, Viking  
  88  10:01  Missile Turret  
  88  10:03  Orbital Command  
  88  10:06  SCV x2  
  90  10:12  Marauder  
  90  10:18  SCV  
  87  10:26  Viking  
  87  10:37  Marine x5  
  92  10:44  Thor  
  92  10:46  Widow Mine  
  100  10:51  SCV  
  101  11:05  Supply Depot  
  101  11:06  Supply Depot x2  
  101  11:26  SCV x2, Marine x2, Viking  
  101  11:27  Widow Mine, SCV, Marauder, Marine x2, Thor  
  101  11:29  Supply Depot  
  101  11:30  Supply Depot  
  120  11:37  Starport  
  120  11:38  Terran Infantry Armor Level 2, Terran Vehicle And Ship Armor Level 1  
  120  11:39  Terran Infantry Weapons Level 3  
  120  11:43  Armory  
  120  11:44  SCV x3, Marine  
  124  11:49  Missile Turret  
  124  11:51  Marauder  
  126  11:56  SCV x2, Viking  
  126  11:58  Supply Depot  
  126  12:00  Supply Depot  
  126  12:01  Marine x3  
  132  12:02  Marine  
  134  12:11  Missile Turret  
  134  12:12  Marauder  
  134  12:18  Marine  
  134  12:22  Supply Depot  
  135  12:24  Marine x3  
  135  12:25  Supply Depot  
  135  12:26  Thor, Viking  
  135  12:27  Thor  
  152  12:31  Missile Turret  
  152  12:34  Refinery, Marauder  
  152  12:36  Marine  
  155  12:41  Marine  
  156  12:45  Supply Depot  
  156  12:51  Missile Turret  
  156  12:55  Marauder  
  95  13:16  Marauder  
  95  13:17  Viking  
  94  13:21  Starport Reactor  
  94  13:24  Thor x3  
  99  13:47  Viking  
  95  13:48  Marine  
  95  13:49  Marine x4  
  88  14:06  Marine  
  88  14:07  Marine x4, Thor  
  72  14:17  Viking  
  72  14:20  Widow Mine x2  
  71  14:24  Marine x2  
  71  14:25  Marine x3  
  76  14:42  Widow Mine x2, Marine  
Show
View Real Time Build Order
Export as new Build Order

qqq Zerg 

Build Orders: Hatch First, Lurkers 

Get SALT Encoding   

  12  0:03  Drone  
  13  0:12  Drone  
  14  0:42  Hatchery  
  13  0:50  Overlord  
  13  0:51  Drone  
  13  0:54  Extractor  
  13  0:57  Drone  
  14  1:09  Drone  
  15  1:16  Drone  
  15  1:25  Drone  
  16  1:33  Spawning Pool  
  16  1:34  Drone  
  16  1:45  Drone  
  17  1:55  Drone  
  17  1:56  Drone  
  19  2:15  Drone  
  20  2:16  Drone  
  20  2:20  Queen  
  20  2:21  Metabolic Boost  
  23  2:26  Queen  
  25  2:32  Overlord  
  25  2:36  Drone  
  26  2:39  Zergling x2  
  27  2:46  Drone  
  27  2:48  Overlord  
  28  2:52  Drone  
  28  2:54  Drone  
  28  2:56  Zergling x2  
  31  2:59  Drone  
  31  3:05  Zergling x2  
  33  3:17  Lair, Zergling x2  
  33  3:18  Drone  
  35  3:29  Zergling x8  
  35  3:30  Drone  
  40  3:35  Zergling x2  
  40  3:39  Drone  
  42  3:43  Drone  
  42  4:06  Hatchery  
  42  4:08  Drone x2  
  43  4:16  Overlord x2  
  43  4:17  Overlord x3  
  43  4:35  Extractor  
  42  4:40  Drone  
  42  4:41  Zergling x2  
  42  4:42  Hydralisk Den  
  42  4:43  Drone  
  42  4:44  Drone x2  
  42  4:45  Drone  
  47  4:51  Drone  
  47  4:52  Drone x3  
  51  4:55  Drone x2  
  51  4:57  Zergling x2  
  54  5:03  Drone  
  55  5:07  Drone, Extractor x2  
  54  5:16  Lurker Den  
  54  5:17  Hatchery  
  54  5:18  Drone x2, Evolution Chamber  
  54  5:20  Drone, Infestation Pit  
  53  5:23  Hydralisk  
  53  5:26  Drone  
  53  5:28  Drone  
  57  5:38  Zergling x4  
  57  5:39  Drone x4  
  57  5:40  Drone  
  64  5:46  Zergling x2  
  64  5:47  Drone  
  62  6:03  Hydralisk x3  
  62  6:05  Drone x4  
  62  6:11  Muscular Augments  
  66  6:13  Hydralisk  
  66  6:14  Hydralisk  
  70  6:30  Drone x2, Hydralisk  
  74  6:34  Drone  
  74  6:36  Lurker  
  76  6:41  Queen  
  76  6:42  Extractor x2  
  76  6:48  Hydralisk x2  
  76  6:52  Lurker  
  76  6:53  Drone x3  
  84  7:01  Hatchery x2  
  82  7:21  Drone x3  
  82  7:22  Drone x2, Hydralisk x4  
  91  7:24  Zergling x2, Overlord x2  
  91  7:25  Overlord x3  
  96  7:39  Hive  
  96  7:40  Zerg Missile Weapons Level 1  
  96  7:53  Spore Crawler  
  96  7:55  Spore Crawler  
  96  7:56  Spore Crawler  
  96  7:57  Drone x2, Spore Crawler  
  96  7:58  Drone x4, Hydralisk  
  98  7:59  Hydralisk x3, Spore Crawler  
  98  8:03  Lurker x2  
  107  8:15  Grooved Spines  
  94  8:50  Hydralisk x7  
  94  8:51  Hydralisk  
  90  9:03  Spore Crawler  
  90  9:05  Spore Crawler  
  90  9:07  Spore Crawler x2  
  90  9:08  Hydralisk x2  
  90  9:09  Spore Crawler  
  87  9:11  Spore Crawler  
  87  9:12  Drone x2  
  87  9:13  Drone x6  
  87  9:15  Spore Crawler  
  93  9:18  Spore Crawler  
  92  9:27  Hydralisk x4  
  92  9:29  Drone x2  
  92  9:30  Drone x2  
  104  9:31  Spore Crawler  
  104  9:32  Spore Crawler  
  104  9:33  Spore Crawler  
  104  9:34  Zerg Ground Armor Level 1  
  96  9:44  Drone x2  
  96  9:45  Drone  
  97  9:51  Lurker x3  
  97  9:52  Hydralisk x3  
  101  9:54  Drone x2  
  105  10:18  Hatchery  
  87  10:37  Hydralisk x2  
  87  10:38  Hydralisk x4  
  87  10:39  Drone  
  87  10:40  Drone x2  
  102  10:49  Seismic Spines  
  102  10:50  Hydralisk x2  
  102  10:56  Lurker x3  
  109  10:57  Drone  
  109  11:01  Hydralisk x2  
  114  11:07  Overlord  
  114  11:28  Zerg Missile Weapons Level 2  
  114  11:29  Queen  
  114  11:30  Overlord x4  
  116  11:45  Hydralisk x2  
  116  11:46  Adaptive Talons  
  120  11:48  Drone x2  
  120  11:49  Overlord x3  
  120  11:50  Hydralisk x3  
  120  11:51  Drone x4  
  120  11:52  Drone  
  120  11:53  Lurker x3  
  136  11:56  Viper  
  136  11:58  Drone x2  
  141  12:02  Hydralisk  
  141  12:04  Drone x2  
  141  12:06  Viper  
  148  12:24  Hydralisk x3  
  148  12:25  Hydralisk x2  
  148  12:27  Drone x2, Zergling x4  
  148  12:28  Zergling x2  
  163  12:37  Spore Crawler  
  163  12:38  Spore Crawler  
  163  12:42  Spore Crawler  
  109  13:17  Hydralisk x6  
  109  13:18  Hydralisk  
  109  13:19  Drone x3  
  126  13:20  Drone x3, Hydralisk x2  
  126  13:21  Hydralisk x2  
  131  13:36  Lurker  
  120  13:43  Hydralisk x2  
  120  13:44  Hydralisk x3  
  120  13:45  Hydralisk x2  
  127  13:55  Lurker x4  
  123  14:08  Hydralisk x4  
  122  14:10  Drone x3  
Show
View Real Time Build Order
Export as new Build Order

MmM Terran - Winner!

Build Orders:  

Get SALT Encoding   

  12  0:14  SCV  
  13  0:26  SCV  
  14  0:32  Supply Depot  
  14  0:37  Supply Depot  
  14  0:38  SCV  
  14  0:42  Refinery  
  15  0:54  SCV  
  16  0:59  Barracks  
  16  1:17  SCV  
  16  1:29  SCV  
  16  1:31  Barracks  
  17  1:41  SCV  
  17  1:45  Refinery  
  18  1:56  Supply Depot  
  18  1:59  Factory  
  18  2:04  Orbital Command  
  18  2:21  Reaper  
  19  2:29  SCV  
  20  2:41  SCV  
  21  2:44  Starport  
  21  2:47  Widow Mine  
  23  2:55  SCV  
  24  3:07  SCV  
  25  3:18  Widow Mine  
  25  3:19  SCV  
  28  3:26  Starport Tech Lab, Fusion Core  
  28  3:31  SCV  
  29  3:38  Command Center  
  29  3:51  SCV  
  30  3:56  Supply Depot  
  30  4:14  Battlecruiser  
  36  4:17  SCV  
  36  4:18  Supply Depot  
  37  4:27  Starport  
  37  4:32  SCV  
  38  4:41  Refinery  
  38  4:52  Refinery  
  38  4:53  Orbital Command  
  38  4:55  SCV  
  39  5:05  Starport Tech Lab  
  39  5:07  SCV  
  39  5:11  Supply Depot  
  40  5:19  SCV  
  41  5:31  SCV, Battlecruiser  
  48  5:38  Supply Depot  
  48  5:43  SCV  
  48  5:47  SCV  
  50  5:51  Battlecruiser  
  50  5:55  SCV  
  57  5:59  SCV  
  58  6:06  Supply Depot  
  58  6:07  Weapon Refit  
  58  6:08  SCV  
  59  6:12  SCV  
  60  6:20  SCV  
  60  6:24  SCV  
  62  6:32  SCV  
  63  6:36  SCV  
  63  6:37  Armory  
  64  6:41  Battlecruiser  
  64  6:44  SCV  
  71  6:48  SCV  
  72  6:56  SCV  
  72  7:00  SCV  
  74  7:08  SCV, Command Center  
  75  7:12  SCV  
  75  7:15  Armory  
  76  7:20  SCV  
  76  7:22  Supply Depot  
  77  7:24  SCV  
  77  7:29  Supply Depot  
  76  7:32  SCV  
  76  7:36  SCV  
  78  7:53  Battlecruiser  
  78  7:54  Battlecruiser  
  90  8:03  Command Center  
  90  8:14  Terran Ship Weapons Level 1  
  90  8:15  Terran Vehicle And Ship Armor Level 1  
  91  8:20  SCV x2  
  92  8:32  SCV x2  
  94  8:35  Refinery  
  94  8:38  Refinery  
  82  9:21  Battlecruiser x2  
  94  10:09  Orbital Command  
  88  10:25  Battlecruiser  
  88  10:41  Terran Vehicle And Ship Armor Level 2, Terran Ship Weapons Level 2  
  88  10:44  Starport  
  88  11:01  Battlecruiser  
  94  11:10  Supply Depot  
  94  11:12  Supply Depot  
  94  11:17  Supply Depot  
  94  11:26  SCV  
  94  11:27  SCV x2  
  94  11:31  Starport Tech Lab  
  97  11:34  Supply Depot x2  
  97  11:39  SCV x3  
  100  11:40  Supply Depot  
  100  11:46  Battlecruiser  
  106  11:53  Battlecruiser  
  112  12:02  Supply Depot  
  112  12:05  Battlecruiser  
  118  12:20  Refinery  
  118  12:39  Command Center  
  118  12:40  Starport  
  118  12:42  Refinery  
  115  12:51  Battlecruiser  
  119  12:57  Battlecruiser  
  124  13:10  Battlecruiser  
  130  13:24  Starport Tech Lab  
Show
View Real Time Build Order
Export as new Build Order

ChatSøeur Zerg - Winner!

Build Orders: Hatch First, Swarm Host 

Get SALT Encoding   

  12  0:02  Drone  
  13  0:08  Drone  
  14  0:21  Overlord  
  14  0:46  Hatchery  
  13  0:51  Drone  
  13  0:52  Drone  
  13  0:55  Extractor  
  14  0:59  Drone  
  15  1:05  Drone  
  16  1:23  Drone  
  17  1:25  Drone  
  18  1:35  Spawning Pool  
  18  1:37  Drone  
  18  1:48  Drone  
  19  2:02  Drone x2  
  21  2:15  Drone x2  
  22  2:21  Zergling x4  
  24  2:24  Lair  
  24  2:28  Drone  
  24  2:29  Spine Crawler  
  24  2:30  Queen  
  26  2:39  Zergling x4  
  28  2:45  Overlord  
  28  2:50  Extractor  
  28  2:51  Drone  
  28  2:57  Spine Crawler  
  27  3:01  Drone  
  27  3:05  Drone x2  
  30  3:11  Evolution Chamber  
  29  3:15  Drone  
  29  3:16  Drone  
  31  3:22  Drone  
  31  3:26  Drone, Hydralisk Den  
  32  3:33  Drone  
  33  3:35  Drone  
  34  3:41  Spore Crawler  
  34  3:43  Drone  
  34  3:45  Drone  
  35  3:51  Zerg Missile Weapons Level 1  
  35  3:54  Drone  
  36  4:05  Overlord x2  
  36  4:12  Overlord  
  36  4:16  Spore Crawler  
  36  4:17  Drone, Evolution Chamber  
  36  4:20  Drone  
  36  4:23  Drone x2  
  38  4:29  Spore Crawler  
  37  4:31  Hydralisk  
  37  4:36  Hydralisk  
  41  4:40  Drone  
  41  4:44  Drone  
  41  4:45  Drone  
  44  4:48  Extractor  
  44  4:50  Extractor  
  44  4:51  Drone  
  43  4:53  Hydralisk  
  43  4:59  Grooved Spines  
  45  5:01  Hydralisk  
  45  5:04  Zergling x2  
  45  5:05  Zergling x2  
  49  5:09  Hydralisk  
  51  5:16  Hydralisk  
  53  5:21  Drone  
  53  5:22  Drone x2  
  56  5:29  Hydralisk  
  56  5:30  Hydralisk  
  56  5:34  Zergling x2  
  56  5:35  Zergling x4  
  60  5:47  Overlord x2  
  60  5:55  Zergling x4  
  60  5:59  Hydralisk  
  60  6:01  Zergling x2  
  60  6:06  Zergling x2  
  60  6:07  Zergling x4  
  63  6:14  Hatchery  
  62  6:25  Drone  
  62  6:26  Drone x2  
  62  6:30  Zerg Ground Armor Level 1  
  62  6:32  Zerg Melee Weapons Level 1, Baneling Nest  
  64  6:36  Muscular Augments  
  64  6:46  Hydralisk  
  64  6:47  Hydralisk  
  64  6:51  Hydralisk  
  64  6:54  Overlord  
  69  6:56  Overseer  
  69  6:57  Overseer  
  69  7:03  Drone x3  
  69  7:06  Drone  
  69  7:07  Drone  
  74  7:09  Drone  
  74  7:12  Zergling x2  
  74  7:15  Drone  
  77  7:16  Drone  
  77  7:18  Drone  
  77  7:20  Drone  
  80  7:26  Hydralisk  
  82  7:30  Hydralisk  
  82  7:32  Hydralisk  
  86  7:40  Zergling x4  
  86  7:42  Hydralisk  
  86  7:47  Hydralisk  
  86  7:48  Hydralisk  
  90  7:57  Overlord x3  
  90  8:12  Extractor  
  89  8:14  Evolution Chamber  
  89  8:15  Spine Crawler  
  89  8:18  Hydralisk x4  
  95  8:24  Zerg Missile Weapons Level 2  
  95  8:25  Zergling x8  
  99  8:30  Zergling x4  
  99  8:33  Hydralisk  
  99  8:36  Zergling x4  
  81  8:41  Zergling x2  
  81  8:42  Zergling x6  
  68  8:49  Hydralisk  
  68  8:53  Zergling x4  
  72  8:58  Extractor  
  72  8:59  Zerg Ground Armor Level 2  
  72  9:00  Hydralisk  
  73  9:03  Zergling x2  
  73  9:06  Metabolic Boost  
  74  9:16  Infestation Pit  
  71  9:17  Hydralisk x2  
  71  9:21  Overlord  
  71  9:23  Overseer  
  75  9:26  Zergling x4  
  75  9:27  Zergling x2  
  78  9:34  Zerg Melee Weapons Level 2  
  78  9:38  Zergling x6  
  80  9:44  Zergling x6  
  83  9:49  Zergling x4  
  83  9:50  Zergling x2  
  85  9:56  Zergling x2  
  85  9:59  Baneling x3  
  86  10:00  Baneling x9  
  86  10:02  Zergling x2  
  86  10:04  Zergling x2  
  88  10:14  Zergling x2  
  88  10:15  Zergling x10  
  88  10:20  Zergling x2  
  92  10:24  Hydralisk  
  92  10:27  Hydralisk  
  89  10:31  Overseer x5  
  89  10:36  Overlord  
  89  10:42  Overlord  
  89  10:50  Spine Crawler  
  89  10:53  Drone  
  89  10:54  Overlord  
  89  10:55  Swarm Host  
  92  10:57  Swarm Host  
  92  11:02  Swarm Host  
  98  11:10  Swarm Host x2  
  104  11:15  Swarm Host  
  104  11:18  Drone  
  108  11:23  Centrifical Hooks  
  108  11:34  Swarm Host x2  
  108  11:39  Overlord x2  
  113  11:40  Overseer  
  113  11:55  Overlord  
  113  11:56  Overlord  
  113  11:59  Hive  
  113  12:02  Swarm Host  
  113  12:05  Swarm Host  
  119  12:12  Swarm Host  
  122  12:15  Zergling x2  
  122  12:16  Zergling x4  
  122  12:20  Swarm Host  
  122  12:22  Zergling x2  
  129  12:28  Swarm Host  
  132  12:30  Zergling x2  
  132  12:31  Zergling x2  
  132  12:32  Zergling x2  
  135  12:45  Swarm Host  
  135  12:46  Swarm Host x2  
  135  12:51  Zergling x2  
  145  12:54  Baneling x2  
  145  12:55  Baneling x4  
  145  12:56  Baneling  
  145  12:57  Baneling  
  145  13:00  Zergling x4  
  145  13:03  Zergling x2  
  125  13:14  Overlord  
  125  13:15  Overlord x2  
  122  13:26  Overlord x3  
  119  13:29  Drone  
  119  13:36  Zergling x6  
  121  13:42  Zergling x4  
  121  13:43  Zergling x2  
  122  13:54  Zergling x10  
  115  14:05  Zergling x6  
  115  14:09  Swarm Host  
  92  14:12  Swarm Host x2  
  93  14:27  Hydralisk x3  
  96  14:33  Overseer x2  
  81  14:41  Zergling x6  
  81  14:43  Swarm Host  
  81  14:44  Zergling x4  
Tags
 
Add a new tag
Caveats
  • Supply blocks, unpowered buildings, or Contaminate may cause inaccurate times.
  • Supply counts are checked every 10 seconds.